 Dungeon Crawl Stone Soup version 0.30-a0-845-g7c6808c8ce (webtiles) character file.

Game seed: 2616354209983769355

209 zenocrate the Insei (level 5, -2/31 (33) HPs)
             Began as an Octopode Transmuter on Mar 2, 2023.
             Slain by a wight
             ... wielding a +2 dagger
              (3 damage)
             ... on level 3 of the Dungeon.
             The game lasted 00:01:56 (2880 turns).

zenocrate the Insei (Octopode Transmuter)           Turns: 2880, Time: 00:01:56

HP:   -2/31 (33)    AC:  1    Str:  9    XL:     5   Next: 87%
MP:   0/8           EV: 13    Int: 17    God:
Gold: 253           SH:  0    Dex: 13    Spells: 1/8 levels left

rFire   . . .      SeeInvis .      - Unarmed
rCold   . . .      Faith    .    (no shield)
rNeg    . . .      Spirit   +    (helmet currently unavailable)
rPois   .          Reflect  .    b - amulet of guardian spirit
rElec   .          Rampage  .    (no ring)
rCorr   .                        (no ring)
Will    .....                    (no ring)
Stlth   +++                      (no ring)
HPRegen 0.25/turn                (no ring)
MPRegen 0.11/turn                (no ring)
                                 (no ring)
                                 (no ring)

@: appendages, wereblooded, drained
A: tentacle spike 3, almost no armour, amphibious, 8 rings, camouflage 1,
gelatinous body 1, (nimble swimmer 1), tentacles
a: End Transformation


You were on level 3 of the Dungeon.
One of your tentacles had grown a beastly spike.
You visited 1 branch of the dungeon, and saw 3 of its levels.

You collected 253 gold pieces.

Inventory:

Missiles
 j - 5 poisoned darts
Jewellery
 b - an amulet of guardian spirit (around mantle)
 g - a ring of fire
Scrolls
 c - 2 scrolls of teleportation
 e - a scroll of butterflies {unknown}
 f - a scroll of magic mapping {unknown}
 h - a scroll of poison {unknown}
 k - a scroll of fear {unknown}
 l - a scroll of immolation {unknown}
Potions
 a - a potion of lignification
 d - a potion of attraction
 i - a potion of heal wounds
 m - a potion of resistance {unknown}
 n - a potion of curing {unknown}


   Skills:
 - Level 1.0 Fighting
 - Level 2.0 Dodging
 - Level 1.9 Stealth
 + Level 4.6 Unarmed Combat
 - Level 2.0 Spellcasting
 + Level 4.0 Transmutations
 + Level 1.3 Ice Magic


You had one spell level left.
You knew the following spells:

 Your Spells              Type           Power      Damage    Failure   Level
a - Wereblood             Tmut           15%        N/A       5%          2
b - Beastly Appendage     Tmut           30%        N/A       3%          1
c - Ice Form              Ice/Tmut       10%        N/A       54%         4

Your spell library contained the following spells:

 Spells                   Type           Power      Damage    Failure   Level
 Kiss of Death            Conj/Necr      4%         2d5       19%         1
 Spider Form              Tmut/Pois      8%         N/A       26%         3
 Confusing Touch          Hex            1%         N/A       50%         3
 Dispel Undead            Necr           1%         3d6       88%         4


Dungeon Overview and Level Annotations

Branches:
Dungeon (3/15)

Altars:


Innate Abilities, Weirdness & Mutations

One of your tentacles has grown a beastly spike.
You cannot wear most types of armour.
You are amphibious.
You can wear up to eight rings at the same time.
Your skin changes colour to match your surroundings (Stealth+).
Your rubbery body absorbs attacks. (AC +1, EV +1)
((You are camouflaged when in or above water. (Stealth+)))
You have tentacles for arms and can constrict up to eight enemies at once.


Message History

The wight hits you with a +1 dire flail of protection!
You tentacle-slap the wight.
The wight is heavily damaged.
You constrict the wight, but do no damage.
The wight misses you.
You tentacle-slap the wight.
You squeeze the wight, but do no damage.
The wight is severely damaged.
You constrict the wight, but do no damage.
The wight struggles to escape constriction.
You tentacle-slap the wight but do no damage.
You pierce the wight, but do no damage.
You squeeze the wight, but do no damage.
The wight is severely damaged.
You constrict the wight.
The wight struggles to escape constriction.
You tentacle-slap the wight.
You pierce the wight, but do no damage.
The wight is almost destroyed.
You constrict the wight, but do no damage.
The wight escapes!
You tentacle-slap the wight.
You feel a bit better.
You destroy the wight!
Your life force feels restored.
Your Transmutations skill increases to level 4!
Your Ice Magic skill increases to level 1!
You tentacle-slap the wight. You grab the wight.
You pierce the wight.
The wight is heavily damaged.
You constrict the wight, but do no damage.
The wight hits you with a +4 dagger. The wight hits you with a +2 dagger!
* * * LOW HITPOINT WARNING * * *
You tentacle-slap the wight.
You pierce the wight.
You squeeze the wight, but do no damage.
The wight is almost destroyed.
You constrict the wight, but do no damage.
The wight hits you with a +4 dagger!
* * * LOW HITPOINT WARNING * * *
You feel drained.
* * * LOW HITPOINT WARNING * * *
The wight hits you with a +2 dagger.
You die...

#.#....>)....# ..#
#.....#.#....#### .####
#.......#........ ..... .
#..#..###.#..#... .... ##
#.........##.#####..# ###
#..######.##........####
#.. #..#
###.##....#....... #..
#..####...##...zz.......
#..
##....<..#.##...@#.......
#..
...........##....#.......
###
###.#..#.#.##..).#.......
+..
#.#......#.....#####... .
#.# #.#..#.###.....# ##
....# #.#..#.###.#####
...... #..........#
......# ###.......##.#
###.... .......#####.# #
#.#..


You could see 2 wights.

Vanquished Creatures
  A wight (D:3)
  2 orc priests (D:2)
  An orc wizard (D:2)
  Robin (D:2)
  A worm (D:3)
  2 dart slugs (D:1)
  4 orcs
  7 ball pythons
  6 bats
  4 endoplasms
  6 hobgoblins
  3 quokkas
  2 frilled lizards
  6 goblins
  3 kobolds
  3 rats
52 creatures vanquished.

Notes
Turn   | Place    | Note
-------+----------+-------------------------------------------
     0 | D:1      | zenocrate the Octopode Transmuter began the quest for the
                  | Orb.
     0 | D:1      | Reached XP level 1. HP: 13/13 MP: 3/3
   138 | D:1      | Reached skill level 1 in Stealth
   206 | D:1      | Reached XP level 2. HP: 18/18 MP: 3/5
   209 | D:1      | Learned a level 2 spell: Wereblood
  1287 | D:2      | Reached XP level 3. HP: 17/23 MP: 4/6
  1469 | D:2      | Reached XP level 4. HP: 18/28 MP: 0/7
  1478 | D:2      | Reached XP level 5. HP: 22/33 MP: 1/8
  1660 | D:2      | Learned a level 4 spell: Ice Form
  1955 | D:2      | Noticed Robin
  1966 | D:2      | Killed Robin
  2879 | D:3      | Reached skill level 1 in Ice Magic
  2880 | D:3      | HP: 1/31 [wight/+4 dagger (2)]
  2880 | D:3      | Slain by a wight

Illustrated notes

Levels and vault maps discovered:
D:1:      co_arrival_random_square_maze, layout_basic
D:2:      cheibrodos_pilgrimage, layout_basic, uniq_robin
D:3:      layout_basic, nicolae_overflow_hallway_of_the_gods

Skill      XL: |  1  2  3  4  5 |
---------------+----------------+-----
Stealth        | 1 |  1.9
Transmutations | 3 4 |  4.0
Unarmed Combat | 4 |  4.6
Ice Magic      | 1 |  1.3
Fighting       | |  1.0
Dodging        | |  2.0
Spellcasting   | |  2.0

Action                     |  1- 3 |  4- 6 || total
---------------------------+-------+-------++-------
  Melee: Unarmed           |    39 |    63 ||   102
         Kick              |    14 |    18 ||    32
         Constrict         |    13 |    17 ||    30
         Tentacles         |     9 |     9 ||    18
         Punch             |     1 |     4 ||     5
   Cast: Beastly Appendage |    14 |    14 ||    28
         Wereblood         |     7 |    13 ||    20
    Use: Scroll            |       |     3 ||     3
   Stab: Sleeping          |     3 |     4 ||     7
 Armour: Skin              |     1 |     1 ||     2
  Dodge: Dodged            |    19 |    31 ||    50

Table legend: (Time is in decaauts)
 A = Elapsed time spent in this place.
 B = Non-inter-level travel time spent in this place.
 C = Inter-level travel time spent in this place.
 D = Time resting spent in this place.
 E = Time spent auto-exploring this place.
 F = Levels seen in this place.
 G = Mean time per level.
                   A        B        C        D        E       F      G
               +--------+--------+--------+--------+--------+-----+--------+
         Total |   2872 |   2820 |     52 |      2 |   2433 |   3 |  957.3 |
       Dungeon |   2872 |   2820 |     52 |      2 |   2433 |   3 |  957.3 |
               +--------+--------+--------+--------+--------+-----+--------+

Top non-repeatable levels by time:
     D:2: 1171 daAuts
     D:1: 1091 daAuts
     D:3: 609 daAuts
